SL
JACKSONVILLE SUNS @ MONTGOMERY BISCUITS
08/21/2099
 
TOP OF THE 1ST
Jacksonville Suns batting - Pitching for Montgomery Biscuits : RHP Jon Solis
Pitching: RHP Jon Solis
Batting: RHB Chris Kern 0-0: Ground out 6-3 (Groundball, 6, EV 86.3 MPH)
Batting: RHB Dusty Evans 0-0: Swinging Strike
0-1: Ground out 5-3 (Groundball, 56S, EV 71.9 MPH)
Batting: LHB Andy Fresi 0-0: Called Strike
0-1: Ball
1-1: Foul Ball, location: 3FF
1-2: Foul Ball, location: 2F
1-2: DOUBLE (Line Drive, 9LM, EV 89.4 MPH)
Batting: RHB Kento Asakura 0-0: Ground out 6-3 (Groundball, 6MS, EV 85.6 MPH)
Top of the 1st over - 0 runs, 1 hit, 0 errors, 1 left on base; Jacksonville 0 - Montgomery 0
BOTTOM OF THE 1ST
Montgomery Biscuits batting - Pitching for Jacksonville Suns : RHP Josh Clements
Pitching: RHP Josh Clements
Batting: RHB Melvin Casasola 0-0: Ball
1-0: Swinging Strike
1-1: Ball
2-1: Ball
3-1: Ground out 4-3 (Groundball, 4, EV 90.0 MPH)
Batting: RHB Daniel Rodriguez 0-0: Called Strike
0-1: Called Strike
0-2: Foul Ball, location: 23FF
0-2: Ground out 4-3 (Groundball, 4, EV 76.3 MPH)
Batting: LHB Matt Flagg 0-0: Foul Ball, location: 2F
0-1: Foul Ball, location: 2F
0-2: Ball
1-2: Foul Ball, location: 2F
1-2: Ball
2-2: TRIPLE (Flyball, 89XD, EV 99.4 MPH)
Batting: RHB Bobby Williams 0-0: Ball
1-0: Ground out 4-3 (Groundball, 4MD, EV 105.6 MPH)
Bottom of the 1st over - 0 runs, 1 hit, 0 errors, 1 left on base; Jacksonville 0 - Montgomery 0
TOP OF THE 2ND
Jacksonville Suns batting - Pitching for Montgomery Biscuits : RHP Jon Solis
Batting: LHB Jerry Morales 0-0: SINGLE (Line Drive, 9S, EV 105.0 MPH)
Batting: RHB Brett O'Grady 0-0: Fly out, F3 (Line Drive, 3, EV 68.8 MPH)
Lined into DP, U3 (Line Drive, 3, EV 68.8 MPH)
Batting: LHB Jake King 0-0: Ball
1-0: Ball
2-0: Ball
3-0: Base on Balls
Batting: RHB Jeremy Bennett 0-0: Ground out 4-3 (Groundball, 13, EV 86.3 MPH)
Top of the 2nd over - 0 runs, 1 hit, 0 errors, 1 left on base; Jacksonville 0 - Montgomery 0
BOTTOM OF THE 2ND
Montgomery Biscuits batting - Pitching for Jacksonville Suns : RHP Josh Clements
Batting: RHB Edgar Rivas 0-0: SINGLE (Groundball, P, EV 82.5 MPH) (infield hit)
Batting: SHB John Christopher 0-0: Bunt missed!
0-1: Bunted foul
0-2: Grounds into double play, 6-4-3 (Groundball, 6, EV 81.3 MPH)
Batting: RHB Jeremy Richter 0-0: Foul Ball, location: 23F
0-1: Swinging Strike
0-2: Foul Ball, location: 25F
0-2: Fly out, F3 (Popup, 3SF, EV 70.0 MPH)
Bottom of the 2nd over - 0 runs, 1 hit, 0 errors, 0 left on base; Jacksonville 0 - Montgomery 0
TOP OF THE 3RD
Jacksonville Suns batting - Pitching for Montgomery Biscuits : RHP Jon Solis
Batting: RHB Jamie Klein 0-0: Called Strike
0-1: Swinging Strike
0-2: Strikes out swinging
Batting: RHB Chris Kern 0-0: Ball
1-0: Swinging Strike
1-1: Foul Ball, location: 2F
1-2: Ball
2-2: Ball
3-2: Ground out 6-3 (Groundball, 6, EV 107.5 MPH)
Batting: RHB Dusty Evans 0-0: Swinging Strike
0-1: Swinging Strike
0-2: Ball
1-2: Strikes out swinging
Top of the 3rd over - 0 runs, 0 hits, 0 errors, 0 left on base; Jacksonville 0 - Montgomery 0
BOTTOM OF THE 3RD
Montgomery Biscuits batting - Pitching for Jacksonville Suns : RHP Josh Clements
Batting: RHB John Wiersema 0-0: Called Strike
0-1: Bunt missed!
0-2: Ball
1-2: Foul Ball, location: 2F
1-2: Strikes out swinging
Batting: SHB Will MacKenna 0-0: Called Strike
0-1: Called Strike
0-2: Fly out, F8 (Flyball, 89M, EV 80.6 MPH)
Batting: RHB Melvin Casasola 0-0: Called Strike
0-1: Ball
1-1: Swinging Strike
1-2: Foul Ball, location: 2F
1-2: Strikes out swinging
Bottom of the 3rd over - 0 runs, 0 hits, 0 errors, 0 left on base; Jacksonville 0 - Montgomery 0
TOP OF THE 4TH
Jacksonville Suns batting - Pitching for Montgomery Biscuits : RHP Jon Solis
Batting: LHB Andy Fresi 0-0: Ball
1-0: Foul Ball, location: 7LSF
1-1: Swinging Strike
1-2: Foul Ball, location: 9LSF
1-2: Foul Ball, location: 5FF
1-2: Ball
2-2: Strikes out swinging
Batting: RHB Kento Asakura 0-0: Ball
1-0: Ball
2-0: Called Strike
2-1: Ball
3-1: Fly out, F9 (Flyball, 9, EV 95.6 MPH)
Batting: LHB Jerry Morales 0-0: Called Strike
0-1: Ball
1-1: Foul Ball, location: 9LSF
1-2: SINGLE (Line Drive, 7S, EV 97.5 MPH)
Batting: RHB Brett O'Grady 0-0: Called Strike
0-1: Foul Ball, location: 9LDF
0-2: Foul Ball, location: 9LMF
0-2: Strikes out looking
Top of the 4th over - 0 runs, 1 hit, 0 errors, 1 left on base; Jacksonville 0 - Montgomery 0
BOTTOM OF THE 4TH
Montgomery Biscuits batting - Pitching for Jacksonville Suns : RHP Josh Clements
Batting: RHB Daniel Rodriguez 0-0: Called Strike
0-1: Foul Ball, location: 9LDF
0-2: Strikes out swinging, 2-3 out at first.
Batting: LHB Matt Flagg 0-0: Ball
1-0: Called Strike
1-1: Called Strike
1-2: SOLO HOME RUN (Flyball, 7LD, EV 93.1 MPH), Distance : 340 ft
Batting: RHB Bobby Williams 0-0: Foul Ball, location: 9LMF
0-1: Ball
1-1: Foul Ball, location: 5FF
1-2: Strikes out swinging
Pitching: RHP Alfredo Coscia
Batting: RHB Edgar Rivas 0-0: Called Strike
0-1: DOUBLE (Flyball, 8RXD, EV 95.6 MPH)
Batting: SHB John Christopher 0-0: Foul Ball, location: 23FF
0-1: Ball
1-1: Called Strike
1-2: Ball
2-2: Ball
3-2: Foul Ball, location: 2F
3-2: Ground out 4-3 (Groundball, 4, EV 100.0 MPH)
Bottom of the 4th over - 1 run, 2 hits, 0 errors, 1 left on base; Jacksonville 0 - Montgomery 1
TOP OF THE 5TH
Jacksonville Suns batting - Pitching for Montgomery Biscuits : RHP Jon Solis
Batting: LHB Jake King 0-0: Bunt for hit to 3S - play at first, batter safe!
Batting: RHB Jeremy Bennett 0-0: Swinging Strike
0-1: Grounds into double play, 4-6-3 (Groundball, 4, EV 108.8 MPH)
Batting: RHB Jamie Klein 0-0: Ball
1-0: Ball
2-0: Foul Ball, location: 2F
2-1: Swinging Strike
2-2: Strikes out swinging, 2-3 out at first.
Top of the 5th over - 0 runs, 1 hit, 0 errors, 0 left on base; Jacksonville 0 - Montgomery 1
BOTTOM OF THE 5TH
Montgomery Biscuits batting - Pitching for Jacksonville Suns : RHP Alfredo Coscia
Batting: RHB Jeremy Richter 0-0: DOUBLE (Line Drive, 3D, EV 95.6 MPH)
Batting: RHB John Wiersema 0-0: Ball
1-0: Called Strike
1-1: Ball
2-1: Ball
3-1: DOUBLE (Groundball, 5L, EV 103.8 MPH)
Jeremy Richter scores
Batting: SHB Will MacKenna 0-0: Called Strike
0-1: Swinging Strike
0-2: Ball
1-2: Fly out, F6 (Popup, 6M, EV 66.9 MPH)
Batting: RHB Melvin Casasola 0-0: Ball
1-0: Ball
2-0: Ball
3-0: Base on Balls
Batting: RHB Daniel Rodriguez 0-0: Ball
1-0: SINGLE (Line Drive, 6D, EV 95.0 MPH)
John Wiersema to third
Melvin Casasola to second
Batting: LHB Matt Flagg 0-0: Called Strike
0-1: Foul Ball, location: 2F
0-2: DOUBLE (Groundball, 3D, EV 105.0 MPH)
John Wiersema scores
Melvin Casasola scores
Daniel Rodriguez to third
Runner from 3rd tries for Home, SAFE, throw by RF to home
Pitching: RHP Aaron Clements
Batting: RHB Bobby Williams 0-0: Ball
1-0: Ball
2-0: Called Strike
2-1: Ball
3-1: Base on Balls
Batting: RHB Edgar Rivas 0-0: Fly out, F3 (Popup, 3, EV 75.0 MPH)
Batting: SHB John Christopher 0-0: Ball
1-0: Ball
2-0: Ball
3-0: Called Strike
3-1: Fly out, F3 (Line Drive, 34, EV 65.0 MPH)
Bottom of the 5th over - 4 runs, 4 hits, 0 errors, 2 left on base; Jacksonville 0 - Montgomery 5
TOP OF THE 6TH
Jacksonville Suns batting - Pitching for Montgomery Biscuits : RHP Jon Solis
Batting: RHB Chris Kern 0-0: Ball
1-0: Foul Ball, location: 5SF
1-1: Fly out, F6 (Line Drive, 6D, EV 70.0 MPH)
Batting: RHB Dusty Evans 0-0: Ground out 4-3 (Groundball, 4, EV 90.0 MPH)
Batting: LHB Andy Fresi 0-0: Foul Ball, location: 2F
0-1: Ball
1-1: Swinging Strike
1-2: Foul Ball, location: 7LSF
1-2: Ball
2-2: Strikes out looking
Top of the 6th over - 0 runs, 0 hits, 0 errors, 0 left on base; Jacksonville 0 - Montgomery 5
BOTTOM OF THE 6TH
Montgomery Biscuits batting - Pitching for Jacksonville Suns : RHP Aaron Clements
DELAY Rain delay of 15 minutes in the 6th inning.
Batting: RHB Jeremy Richter 0-0: Ground out 4-3 (Groundball, 34, EV 105.0 MPH)
Batting: RHB John Wiersema 0-0: Called Strike
0-1: Ground out 5-3 (Groundball, 56, EV 91.3 MPH)
Batting: SHB Will MacKenna 0-0: Ball
1-0: Ball
2-0: Ball
3-0: Base on Balls
Batting: RHB Melvin Casasola 0-0: Ball
1-0: Fielders Choice at 2nd, 6-4 (Groundball, 6, EV 87.5 MPH)
Bottom of the 6th over - 0 runs, 0 hits, 0 errors, 1 left on base; Jacksonville 0 - Montgomery 5
TOP OF THE 7TH
Jacksonville Suns batting - Pitching for Montgomery Biscuits : RHP Jon Solis
Batting: RHB Kento Asakura 0-0: Ball
1-0: Swinging Strike
1-1: Ball
2-1: Foul Ball, location: 3SF
2-2: Foul Ball, location: 7LMF
2-2: SINGLE (Line Drive, 9S, EV 103.8 MPH)
Batting: LHB Jerry Morales 0-0: Fly out, F3 (Popup, 3S, EV 81.9 MPH)
Batting: RHB Brett O'Grady 0-0: SINGLE (Groundball, 6MD, EV 96.9 MPH)
Kento Asakura to second
Batting: LHB Jake King 0-0: Ball
1-0: Ball
2-0: Called Strike
2-1: Fly out, F7 (Flyball, 7LM, EV 95.0 MPH)
Batting: RHB Jeremy Bennett 0-0: Ball
1-0: Called Strike
1-1: Ball
2-1: Ground out 1-3 (Groundball, P, EV 66.3 MPH)
Top of the 7th over - 0 runs, 2 hits, 0 errors, 2 left on base; Jacksonville 0 - Montgomery 5
BOTTOM OF THE 7TH
Montgomery Biscuits batting - Pitching for Jacksonville Suns : RHP Aaron Clements
Batting: RHB Daniel Rodriguez 0-0: Called Strike
0-1: DOUBLE (Flyball, 89D, EV 110.6 MPH)
Batting: LHB Matt Flagg 0-0: Ball
1-0: SINGLE (Line Drive, 4D, EV 107.5 MPH)
Daniel Rodriguez to third
Batting: RHB Bobby Williams 0-0: Grounds into double play, 6-4-3 (Groundball, 6S, EV 80.0 MPH)
Daniel Rodriguez scores
Batting: RHB Edgar Rivas 0-0: Called Strike
0-1: Ball
1-1: Called Strike
1-2: Ground out 2-3 (Groundball, 15S, EV 67.5 MPH)
Bottom of the 7th over - 1 run, 2 hits, 0 errors, 0 left on base; Jacksonville 0 - Montgomery 6
TOP OF THE 8TH
Jacksonville Suns batting - Pitching for Montgomery Biscuits : RHP Jon Solis
Batting: RHB Jamie Klein 0-0: Called Strike
0-1: Swinging Strike
0-2: Ball
1-2: Strikes out swinging
Batting: RHB Chris Kern 0-0: Ball
1-0: Foul Ball, location: 3F
1-1: Ball
2-1: Foul Ball, location: 2F
2-2: Ball
3-2: Ground out 6-3 (Groundball, 6, EV 102.5 MPH)
Batting: RHB Dusty Evans 0-0: Ball
1-0: Ball
2-0: Called Strike
2-1: Swinging Strike
2-2: Foul Ball, location: 9LMF
2-2: Foul Ball, location: 23F
2-2: Foul Ball, location: 2F
2-2: Strikes out swinging
Top of the 8th over - 0 runs, 0 hits, 0 errors, 0 left on base; Jacksonville 0 - Montgomery 6
BOTTOM OF THE 8TH
Montgomery Biscuits batting - Pitching for Jacksonville Suns : RHP Aaron Clements
Batting: SHB John Christopher 0-0: Ball
1-0: Fly out, F8 (Flyball, 8RD, EV 68.8 MPH)
Batting: RHB Jeremy Richter 0-0: Ball
1-0: Ball
2-0: Ground out U3 (Groundball, 34, EV 90.0 MPH)
Batting: RHB John Wiersema 0-0: Ball
1-0: Foul Ball, location: 7LDF
1-1: Ball
2-1: Foul Ball, location: 2F
2-2: Foul Ball, location: 2F
2-2: DOUBLE (Groundball, 5L, EV 97.5 MPH)
Batting: SHB Will MacKenna 0-0: Fly out, F6 (Popup, P, EV 81.9 MPH)
Bottom of the 8th over - 0 runs, 1 hit, 0 errors, 1 left on base; Jacksonville 0 - Montgomery 6
TOP OF THE 9TH
Jacksonville Suns batting - Pitching for Montgomery Biscuits : RHP Jon Solis
Batting: LHB Andy Fresi 0-0: Foul Ball, location: 2F
0-1: Foul Ball, location: 7LSF
0-2: Reached on error, E4 (Groundball, 4, EV 77.5 MPH)
Batting: RHB Kento Asakura 0-0: Fly out, F3 (Popup, 3S, EV 75.0 MPH)
Batting: LHB Jerry Morales 0-0: Ball
1-0: Ball
2-0: Called Strike
2-1: Foul Ball, location: 25FF
2-2: Foul Ball, location: 3DF
2-2: Foul Ball, location: 7LMF
2-2: Fielders Choice at 2nd, 1-6 (Groundball, 34S, EV 73.1 MPH)
Batting: RHB Brett O'Grady 0-0: Ball
1-0: Ball
2-0: Called Strike
2-1: Ball
3-1: Called Strike
3-2: Base on Balls
Jerry Morales to second
Batting: LHB Jake King 0-0: Foul Ball, location: 9LSFF
0-1: Ball
1-1: Ball
2-1: Foul Ball, location: 9LMF
2-2: Foul Ball, location: 7LDF
2-2: Ball
3-2: Base on Balls
Jerry Morales to third
Brett O'Grady to second
Pinch Hitting: LHB Aaron Ellison 0-0: Fly out, F3 (Popup, 3S, EV 84.4 MPH)
Top of the 9th over - 0 runs, 0 hits, 1 error, 3 left on base; Jacksonville 0 - Montgomery 6
Wednesday, May 15th , 2024 - OOTP Baseball 24.11 Build 85